 Dungeon Sprint DCSS version 0.30-a0-800-g7c544603b3 (webtiles) character file.

Game seed: 3781398732009118755

73174 retardedninja the Conqueror (level 15, -5/261 HPs)
             Began as a Minotaur Berserker on Feb 22, 2023.
             Was the Champion of Trog.
             Slain by Mennas
             ... wielding a +3 eudemon blade of holy wrath
              (13 damage)
             ... in the Dungeon (Sprint IX: "|||||||||||||||||||||||||||||").
             The game lasted 00:18:35 (8796 turns).

retardedninja the Conqueror (Minotaur Berserker)    Turns: 8796, Time: 00:18:35

Health: -5/261     AC: 35    Str: 29    XL:     15   Next: 3%
Magic:  14/14      EV: 13    Int:  7    God:    Trog [******]
Gold:   743        SH:  0    Dex: 10    Spells: 14/14 levels left

rFire   . . .      SeeInvis .    i - +4 broad axe (heavy)
rCold   . . .      Faith    .    (no shield)
rNeg    . . .      Spirit   .    k - +2 plate armour {Will+}
rPois   +          Reflect  .    a - +2 hat {Stlth+}
rElec   .          Harm     .    q - +0 cloak {rPois}
rCorr   .          Rampage  .    z - +1 pair of gloves
Will    ++...      NoTele   +    j - +0 pair of boots Stlth
                                 (no amulet)
HPRegen 0.63/turn                l - +3 ring of intelligence
MPRegen 0.14/turn                m - +2 ring of protection

@: berserking, glowing, silenced, very quick
A: horns 2, retaliatory headbutt
a: Renounce Religion


You were in the Dungeon.
You worshipped Trog.
Trog was exalted by your worship.
You visited 1 branch You collected 1940 gold pieces.
You spent 1197 gold pieces at shops.

Inventory:

Hand Weapons
 i - a +4 heavy broad axe (weapon)
 r - a +3 rapier of venom
Missiles
 d - 6 boomerangs
 h - 2 silver boomerangs
 n - a javelin (quivered)
Armour
 a - a +2 hat of stealth (worn)
 j - a +0 pair of boots (worn)
 k - a +2 plate armour of willpower (worn)
 q - a +0 cloak of poison resistance (worn)
 z - a +1 pair of gloves (worn)
Jewellery
 l - a +3 ring of intelligence (left hand)
 m - a +2 ring of protection (right hand)
 s - a ring of willpower
 t - a ring of poison resistance
Scrolls
 g - 2 scrolls of identify
 v - a scroll of fear
 w - 2 scrolls of enchant weapon
 x - 2 scrolls of enchant armour
 y - 2 scrolls of fog
Potions
 b - a potion of ambrosia {unknown}
 c - a potion of curing
 e - 3 potions of mutation
 f - 4 potions of magic
 o - a potion of haste
Miscellaneous
 p - a condenser vane (inert)


   Skills:
 O Level 27 Fighting
 O Level 27 Axes
 * Level 6.8 Throwing
 + Level 26.8 Armour
 + Level 11.8 Dodging
 - Level 9.0 Stealth
 + Level 4.7 Unarmed Combat
 + Level 8.9 Evocations


You had 14 spell levels left.
You didn't know any spells.
Your spell library was empty.

Dungeon Overview and Level Annotations

Branches:
Dungeon (1/1)

Altars:
Cheibriados
Dithmenos
Elyvilon
Fedhas
Gozag
Hepliaklqana
Kikubaaqudgha
Makhleb
Nemelex Xobeh
Okawaru
Qazlal
Ru
Sif Muna
Trog
Uskayaw
Vehumet
Wu Jian
Xom
Yredelemnul
Zin
The Shining One
Jiyva
Lugonu

Shops:
D [?!*

Annotations:
D Mennas


Innate Abilities, Weirdness & Mutations

You have a pair of horns on your head.
You reflexively headbutt those who attack you in melee.


Message History

Mennas hits you with a +3 eudemon blade of holy wrath!
Mennas blocks your attack. Mennas hits you but does no damage.
Mennas closely misses you.
Mennas hits you with a +3 eudemon blade of holy wrath!!
Mennas hits you with a +3 eudemon blade of holy wrath!
Mennas blocks your attack.
Your headbutt misses Mennas.
Mennas hits you with a +3 eudemon blade of holy wrath!
Mennas hits you but does no damage. x2
Mennas hits you with a +3 eudemon blade of holy wrath.
* * * LOW HITPOINT WARNING * * *
You slice Mennas!! Your headbutt misses Mennas.
Mennas is lightly wounded.
Mennas hits you with a +3 eudemon blade of holy wrath.
* * * LOW HITPOINT WARNING * * *
Mennas hits you but does no damage.
Mennas hits you with a +3 eudemon blade of holy wrath!
* * * LOW HITPOINT WARNING * * *
Mennas hits you but does no damage.
Clouds of poison gas condense around you!
The condenser dries out!
Mennas hits you with a +3 eudemon blade of holy wrath.
* * * LOW HITPOINT WARNING * * *
Mennas hits you but does no damage.
Mennas hits you with a +3 eudemon blade of holy wrath.
* * * LOW HITPOINT WARNING * * *
Mennas hits you but does no damage. x3
A red film seems to cover your vision as you go berserk!
You feel yourself moving faster!
You feel mighty!
Mennas hits you with a +3 eudemon blade of holy wrath!
* * * LOW HITPOINT WARNING * * *
Mennas hits you but does no damage.
Mennas hits you with a +3 eudemon blade of holy wrath!
* * * LOW HITPOINT WARNING * * *
Mennas hits you with a +3 eudemon blade of holy wrath!
* * * LOW HITPOINT WARNING * * *
Mennas blocks your attack.
You headbutt Mennas!
Mennas is lightly wounded.
Mennas hits you but does no damage.
Mennas hits you with a +3 eudemon blade of holy wrath!
You die...

▓............[...............
▓▓▓▓▓▓▓▓▓▓▓▓▓▓▓▓▓▓▓▓▓▓▓▓▓▓▓▓▓
▓............'.........=.....
▓.▓▓▓▓▓▓▓▓▓▓▓▓▓▓▓▓▓▓▓▓▓▓▓▓▓▓▓
▓...............†............
▓▓▓▓▓▓▓▓▓▓▓▓▓▓▓▓▓▓▓▓▓▓▓▓▓▓▓▓▓
▓.........'...))....).....[..
▓.▓▓▓▓▓▓▓▓▓▓▓▓▓▓▓▓▓▓▓▓▓▓▓▓▓▓▓
▓...........@A§......
▓▓▓▓▓▓▓▓▓▓▓▓▓▓▓▓▓▓▓▓▓


You could see Mennas (fast, silencing).

Vanquished Creatures
  Gastronok (D)
  2 sphinxes (D)
  3 emperor scorpions (D)
  2 fire giants (D)
  A frost giant (D)
  A vault warden (D)
  2 ironbound preservers (D)
  3 very ugly things (D)
  An ironbound thunderhulk (D)
  Nessos (D)
  An eleionoma (D)
  A bunyip (D)
  A dire elephant (D)
  An ettin (D)
  A fire dragon (D)
  A merfolk javelineer (D)
  An entropy weaver (D)
  A merfolk impaler (D)
  A rakshasa (D)
  A great orb of eyes (D)
  3 ice dragons (D)
  A spriggan air mage (D)
  An anaconda (D)
  3 boulder beetles (D)
  A centaur warrior (D)
  4 catoblepae (D)
  2 hydras (D)
  A two-headed ogre (D)
  2 ironbound frosthearts (D)
  3 death yaks (D)
  A deep troll shaman (D)
  An alligator (D)
  6 orc high priests (D)
  A tengu warrior (D)
  A vampire mage (D)
  A shock serpent (D)
  A pharaoh ant (D)
  A sea snake (D)
  A flayed ghost (D)
  2 swamp dragons (D)
  An orb spider (D)
  3 spriggan druids (D)
  A lindwurm (D)
  A steelbarb worm (D)
  A wizard (D)
  9 orc knights (D)
  A harpy (D)
  A deep elf pyromancer (D)
  3 ugly things (D)
  A necromancer (D)
  2 wolf spiders (D)
  A manticore (D)
  2 moths of wrath (D)
  A vault sentinel (D)
  A cyclops (D)
  3 black mambas (D)
  3 naga magi (D)
  A water nymph (D)
  A guardian serpent (D)
  A cane toad (D)
  A gargoyle (D)
  Psyche (D)
  A tengu conjurer (D)
  2 wind drakes (D)
  A meliai (D)
  2 merfolk (D)
  A hornet (D)
  A jumping spider (D)
  2 slime creatures (D)
  Eustachio (D)
  2 wyverns (D)
  4 yaks (D)
  2 basilisks (D)
  An acid dragon (D)
  3 water moccasins (D)
  A black bear (D)
  11 orc warriors (D)
  A wolf (D)
  A centaur (D)
  A kobold brigand (D)
  A bullfrog (D)
  3 orc priests (D)
  5 orc wizards (D)
  2 adders (D)
  An ufetubus (D)
  A dart slug (D)
  7 orcs (D)
  3 hobgoblins (D)
  A kobold (D)
166 creatures vanquished.

Vanquished Creatures (collateral kills)
  A vault warden (D)
  2 ironbound preservers (D)
  A stone giant (D)
  A bunyip (D)
  2 entropy weavers (D)
  A rakshasa (D)
  A great orb of eyes (D)
  A vampire mage (D)
  A death yak (D)
  An orc high priest (D)
  A pharaoh ant (D)
  A vault sentinel (D)
  A komodo dragon (D)
  A bloated husk (D)
16 creatures vanquished.

Vanquished Creatures (others)
  A fire giant (D)
  A deep elf pyromancer (D)
2 creatures vanquished.

Grand Total: 184 creatures vanquished

Notes
Turn   | Place    | Note
-------+----------+-------------------------------------------
     0 | D        | retardedninja the Minotaur Berserker began the quest for
                  | the Orb.
     0 | D        | Reached XP level 1. HP: 19/19 MP: 0/0
    10 | D        | Reached ** piety under Trog
    14 | D        | Reached XP level 2. HP: 21/28 MP: 1/1
   148 | D        | Noticed a black bear
   148 | D        | Noticed a centaur
   153 | D        | Killed a centaur
   154 | D        | Reached XP level 3. HP: 22/39 MP: 2/2
   154 | D        | Reached XP level 4. HP: 27/47 MP: 3/3
   155 | D        | Reached *** piety under Trog
   161 | D        | Killed a black bear
   162 | D        | Reached XP level 5. HP: 19/56 MP: 4/4
   707 | D        | Found a snail-covered altar of Cheibriados.
   707 | D        | Found a shadowy altar of Dithmenos.
   707 | D        | Found a white marble altar of Elyvilon.
   707 | D        | Found a blossoming altar of Fedhas.
   707 | D        | Found an opulent altar of Gozag.
   708 | D        | Found a hazy altar of Hepliaklqana.
   709 | D        | Found a viscous altar of Jiyva.
   710 | D        | Found an ancient bone altar of Kikubaaqudgha.
   711 | D        | Found a corrupted altar of Lugonu.
   712 | D        | Found a burning altar of Makhleb.
   713 | D        | Found a sparkling altar of Nemelex Xobeh.
   714 | D        | Found an iron altar of Okawaru.
   715 | D        | Found a stormy altar of Qazlal.
   716 | D        | Found a sacrificial altar of Ru.
   717 | D        | Found a shimmering blue altar of Sif Muna.
   718 | D        | Found a bloodstained altar of Trog.
   719 | D        | Found a hide-covered altar of Uskayaw.
   720 | D        | Found a radiant altar of Vehumet.
   721 | D        | Found an ornate altar of the Wu Jian Council.
   722 | D        | Found a shimmering altar of Xom.
   723 | D        | Found a basalt altar of Yredelemnul.
   724 | D        | Found a glowing silver altar of Zin.
   725 | D        | Found a glowing golden altar of the Shining One.
   786 | D        | Noticed an orc warrior
   786 | D        | Noticed an acid dragon
   786 | D        | Noticed an orc warrior
   786 | D        | Noticed a hornet
   786 | D        | Noticed a two-headed ogre
   793 | D        | Reached **** piety under Trog
   794 | D        | Reached skill level 10 in Axes
   794 | D        | Reached skill level 5 in Dodging
   794 | D        | Reached XP level 6. HP: 53/64 MP: 5/5
   798 | D        | Killed a two-headed ogre
   799 | D        | Reached skill level 1 in Stealth
   799 | D        | Reached XP level 7. HP: 53/77 MP: 6/6
   807 | D        | Killed a hornet
   808 | D        | Reached XP level 8. HP: 47/85 MP: 7/7
   821 | D        | Reached ***** piety under Trog
   822 | D        | Reached skill level 15 in Axes
   841 | D        | Noticed a gargoyle
   841 | D        | Noticed a deep elf pyromancer
   841 | D        | Noticed a boulder beetle
   841 | D        | Noticed a tengu warrior
   841 | D        | Noticed a slime creature
   850 | D        | Killed a slime creature
   855 | D        | Killed a deep elf pyromancer
   856 | D        | Reached skill level 1 in Evocations
   858 | D        | Killed a tengu warrior
   859 | D        | Reached XP level 9. HP: 83/95 MP: 8/8
   861 | D        | Killed a boulder beetle
   864 | D        | Killed a gargoyle
   865 | D        | Reached skill level 5 in Stealth
  1273 | D        | Received a gift from Trog
  1274 | D        | Noticed a cane toad
  1305 | D        | Killed a cane toad
  1306 | D        | Reached XP level 10. HP: 56/104 MP: 9/9
  1309 | D        | Reached skill level 15 in Fighting
  1312 | D        | Reached ****** piety under Trog
  1639 | D        | Noticed a five-headed hydra
  1639 | D        | Noticed a black mamba
  1642 | D        | Killed a black mamba
  1646 | D        | Received a gift from Trog
  1650 | D        | Killed a nine-headed hydra
  1651 | D        | Reached skill level 10 in Armour
  1651 | D        | Noticed a seven-headed hydra
  1669 | D        | Killed an 11-headed hydra
  1670 | D        | Reached skill level 5 in Evocations
  1997 | D        | Noticed a catoblepas
  1997 | D        | Noticed a death yak
  1997 | D        | Noticed a death yak
  1997 | D        | Noticed a catoblepas
  1997 | D        | Noticed a catoblepas
  1997 | D        | Noticed a catoblepas
  1999 | D        | Noticed a death yak
  2012 | D        | Killed a catoblepas
  2012 | D        | Received a gift from Trog
  2013 | D        | Noticed a death yak
  2015 | D        | Killed a catoblepas
  2016 | D        | Reached XP level 11. HP: 96/116 MP: 10/10
  2025 | D        | Killed a catoblepas
  2064 | D        | Killed a death yak
  2297 | D        | Killed a catoblepas
  2307 | D        | Killed a death yak
  2312 | D        | Killed a death yak
  2314 | D        | Killed a death yak
  2315 | D        | Reached skill level 15 in Armour
  2719 | D        | Noticed Psyche
  2734 | D        | Killed Psyche
  2859 | D        | Received a gift from Trog
  2867 | D        | Received a gift from Trog
  2893 | D        | Noticed an orc knight
  2900 | D        | Reached skill level 1 in Unarmed Combat
  2907 | D        | Killed an orc knight
  2909 | D        | Noticed an orc knight
  2912 | D        | Received a gift from Trog
  2919 | D        | Killed an orc knight
  3290 | D        | Found Huxul's General Store.
  3290 | D        | Noticed an orc high priest
  3290 | D        | Noticed an orc high priest
  3290 | D        | Noticed an orc high priest
  3290 | D        | Noticed an orc knight
  3290 | D        | Noticed an orc knight
  3296 | D        | Noticed a sun demon
  3296 | D        | Killed an orc knight
  3297 | D        | Noticed a sixfirhy
  3300 | D        | Killed an orc knight
  3303 | D        | Noticed an orc high priest
  3306 | D        | Noticed an orc knight
  3307 | D        | Killed an orc high priest
  3331 | D        | Killed an orc high priest
  3331 | D        | Received a gift from Trog
  3332 | D        | Reached XP level 12. HP: 29/130 MP: 11/11
  3340 | D        | Killed an orc high priest
  3478 | D        | Killed an orc high priest
  3937 | D        | Noticed an orc high priest
  3946 | D        | Killed an orc high priest
  4324 | D        | Found Fidieramer's Distillery.
  4328 | D        | Found Umuicsoxt's Magic Scroll Boutique.
  4332 | D        | Found Paidy's Antique Armour Shop.
  4335 | D        | Noticed an orc high priest
  4336 | D        | Noticed an orc high priest
  4342 | D        | Killed an orc high priest
  4343 | D        | Reached skill level 10 in Dodging
  4347 | D        | Killed an orc high priest
  4512 | D        | Bought a scroll of enchant armour for 97 gold pieces
  4516 | D        | Bought a potion of heal wounds for 60 gold pieces
  4516 | D        | Bought a potion of haste for 120 gold pieces
  4516 | D        | Bought a potion of heal wounds for 60 gold pieces
  4516 | D        | Bought a potion of haste for 120 gold pieces
  4516 | D        | Bought a potion of heal wounds for 60 gold pieces
  4520 | D        | Bought a condenser vane for 440 gold pieces
  4526 | D        | Bought a runed cloak for 240 gold pieces
  4566 | D        | Noticed Eustachio
  4575 | D        | Killed Eustachio
  4575 | D        | Received a gift from Trog
  4638 | D        | Noticed Gastronok
  4648 | D        | Killed Gastronok
  4792 | D        | Noticed a boulder beetle
  4792 | D        | Noticed a centaur warrior
  4796 | D        | Received a gift from Trog
  4800 | D        | Killed a centaur warrior
  4803 | D        | Killed a boulder beetle
  4804 | D        | Noticed an ettin
  4811 | D        | Noticed a rakshasa
  4813 | D        | Noticed a white very ugly thing
  4814 | D        | Received a gift from Trog
  4817 | D        | Noticed an ice dragon
  4824 | D        | Killed an ettin
  4831 | D        | Killed a red very ugly thing
  4835 | D        | Killed an ice dragon
  4836 | D        | Reached XP level 13. HP: 23/145 MP: 12/12
  4840 | D        | Noticed a stone giant
  4841 | D        | Noticed a stone giant
  4844 | D        | Noticed a stone giant
  4850 | D        | Received a gift from Trog
  4853 | D        | Killed a stone giant
  5189 | D        | Noticed Nessos
  5196 | D        | Killed Nessos
  5272 | D        | Noticed a merfolk impaler
  5277 | D        | Killed a merfolk impaler
  5280 | D        | Received a gift from Trog
  5285 | D        | Noticed a merfolk javelineer
  5310 | D        | Killed a merfolk javelineer
  5649 | D        | Noticed an eleionoma
  5651 | D        | Received a gift from Trog
  5657 | D        | Noticed a bunyip
  5664 | D        | Killed an eleionoma
  5683 | D        | Killed a bunyip
  5683 | D        | Received a gift from Trog
  5900 | D        | Noticed a bunyip
  5909 | D        | Killed a bunyip
  5942 | D        | Received a gift from Trog
  5979 | D        | Received a gift from Trog
  6171 | D        | Noticed an emperor scorpion
  6171 | D        | Noticed an emperor scorpion
  6179 | D        | Killed an emperor scorpion
  6181 | D        | Received a gift from Trog
  6184 | D        | Killed an emperor scorpion
  6187 | D        | Reached XP level 14. HP: 110/162 MP: 13/13
  6766 | D        | Noticed a fire giant
  6766 | D        | Noticed a brown very ugly thing
  6766 | D        | Noticed a frost giant
  6771 | D        | Killed a frost giant
  6771 | D        | Received a gift from Trog
  6775 | D        | Killed a purple very ugly thing
  6787 | D        | Killed a fire giant
  6797 | D        | Received a gift from Trog
  6799 | D        | Noticed a fire giant
  6808 | D        | Killed a fire giant
  6817 | D        | Received a gift from Trog
  6952 | D        | Noticed a fire giant
  6953 | D        | Noticed a brown very ugly thing
  6962 | D        | Killed a brown very ugly thing
  6965 | D        | Killed a fire giant
  7514 | D        | Noticed an ironbound preserver
  7514 | D        | Noticed a vault warden
  7520 | D        | Killed a vault warden
  7520 | D        | Received a gift from Trog
  7524 | D        | Killed an ironbound preserver
  7528 | D        | Reached skill level 27 in Fighting
  7533 | D        | Received a gift from Trog
  7534 | D        | Killed an ironbound preserver
  7551 | D        | Received a gift from Trog
  7554 | D        | Reached skill level 27 in Axes
  7885 | D        | Noticed an emperor scorpion
  7894 | D        | Killed an emperor scorpion
  8116 | D        | Reached skill level 1 in Throwing
  8589 | D        | Received a gift from Trog
  8591 | D        | Noticed a sphinx
  8596 | D        | Killed a sphinx
  8642 | D        | Noticed an ironbound preserver
  8650 | D        | Killed an ironbound preserver
  8651 | D        | Reached skill level 5 in Throwing
  8669 | D        | Noticed a sphinx
  8671 | D        | Noticed an ironbound thunderhulk
  8676 | D        | Killed a sphinx
  8676 | D        | Received a gift from Trog
  8679 | D        | Killed an ironbound thunderhulk
  8717 | D        | Noticed an ironbound preserver
  8725 | D        | Killed an ironbound preserver
  8726 | D        | Reached XP level 15. HP: 168/174 MP: 14/14
  8740 | D        | Noticed a vault warden
  8745 | D        | Killed a vault warden
  8745 | D        | Received a gift from Trog
  8784 | D        | Noticed Mennas
  8795 | D        | HP: 7/261 [Mennas/+3 eudemon blade of holy wrath (9)]
  8796 | D        | Slain by Mennas

Illustrated notes

Levels and vault maps discovered:
D:        linesprint [early_d, line_temple, items_1, d_10, items_2, lair_1,
          lair_end, items_3, orc_1, orc_end, items_4, d_15, swamp_1, shoals_1,
          snake_1, spider_1, d_20, vaults_1, items_5, swamp_end, shoals_end,
          snake_end, spider_end, vaults_end, d_27, items_6, zot_1, zot_end,
          crypt_end, forest_end, elf_end, slime_end, tomb_end, abyss_end,
          pan_hell_end]

Skill      XL: |  1  2  3  4  5  6  7  8  9 10 11 12 13 14 |
---------------+-------------------------------------------+-----
Fighting       | 4 7 8 9 12 14 16 19 22 25 27 | 27.0
Axes           | 4 7 9 10 14 17 18 19 20 22 24 27 | 27.0
Armour         | 3 4 6 7 9 12 17 20 23 26 | 26.8
Dodging        | 3 4 5 6 7 8 9 10 11 | 11.8
Stealth        | 1 4 5 7 9 |  9.0
Evocations     | 2 3 5 6 8 |  8.9
Unarmed Combat | 2 4 |  4.7
Throwing       | 6 |  6.8

Action                     |  1- 3 |  4- 6 |  7- 9 | 10-12 | 13-15 || total
---------------------------+-------+-------+-------+-------+-------++-------
  Melee: Hand axe          |    13 |    10 |       |       |       ||    23
         Headbutt          |     3 |     3 |     8 |    49 |    40 ||   103
         War axe           |       |     8 |    52 |     7 |       ||    67
         Punch             |       |     1 |     1 |     1 |     6 ||     9
         Broad axe         |       |       |       |   180 |   155 ||   335
         Unarmed           |       |       |       |    12 |       ||    12
 Invoke: Brothers in Arms  |       |       |       |     4 |     4 ||     8
         Berserk           |       |       |       |     5 |     1 ||     6
         Trog's Hand       |       |       |       |     4 |     1 ||     5
  Evoke: Wand              |       |       |    10 |       |       ||    10
         Condenser vane    |       |       |       |       |    10 ||    10
    Use: Potion            |     1 |     2 |     3 |     7 |     8 ||    21
         Scroll            |       |       |     4 |     4 |     2 ||    10
   Stab: Invisible         |       |     1 |     4 |       |       ||     5
         Confused          |       |       |       |       |     2 ||     2
 Armour: Animal skin       |     3 |     2 |       |       |       ||     5
         Chain mail        |       |     3 |     5 |       |       ||     8
         Plate armour      |       |       |    25 |    99 |   151 ||   275
         Skin              |       |       |       |     4 |       ||     4
  Dodge: Dodged            |     9 |     7 |    15 |    74 |    97 ||   202

Table legend: (Time is in decaauts)
 A = Elapsed time spent in this place.
 B = Non-inter-level travel time spent in this place.
 C = Inter-level travel time spent in this place.
 D = Time resting spent in this place.
 E = Time spent auto-exploring this place.
 F = Levels seen in this place.
 G = Mean time per level.
                   A        B        C        D        E       F      G
               +--------+--------+--------+--------+--------+-----+--------+
         Total |   8824 |   8279 |    545 |   5301 |     64 |   1 | 8824.0 |
       Dungeon |   8824 |   8279 |    545 |   5301 |     64 |   1 | 8824.0 |
               +--------+--------+--------+--------+--------+-----+--------+

Top non-repeatable levels by time:
       D: 8824 daAuts
